 Dungeon Sprint DCSS version 0.30-a0-728-gc68057be0a (webtiles) character file.

Game seed: 5100496127221119787

3677 Legacy the Warrior (level 9, -21/157 HPs)
             Began as a Minotaur Monk on Feb 1, 2023.
             Was a High Priest of Trog.
             Killed from afar by a hell hog (37 damage)
             ... with a fireball
             ... in the Dungeon (Sprint V: "Ziggurat Sprint").
             The game lasted 00:02:45 (549 turns).

Legacy the Warrior (Minotaur Monk)                   Turns: 549, Time: 00:02:45

Health: -21/157    AC: 25    Str: 16    XL:     9   Next: 89%
Magic:  8/8        EV:  9    Int:  7    God:    Trog [*****.]
Gold:   0          SH: 30    Dex: 17    Spells: 8/8 levels left

rFire   . . .      SeeInvis +    u - +16 obsidian axe {drain, demonic, Mesm Drain Fly SInv}
rCold   . . .      Faith    .    t - +18 shield of the Gong {Loud rElec rN+ Will+ EV-5}
rNeg    + + .      Spirit   .    v - +11 pearl dragon scales "Suufauw" {+Blink rN+}
rPois   .          Reflect  .    (helmet restricted)
rElec   +          Harm     .    (no cloak)
rCorr   .          Rampage  .    (no gloves)
Will    +....      NoTele   +    (no boots) Stlth
                                 (no amulet)
HPRegen 0.46/turn                w - ring of flight
MPRegen 0.11/turn                (no ring)

@: berserking (expiring), flying, mesmerised, very quick
A: horns 2, retaliatory headbutt
a: Renounce Religion, Evoke Blink, Berserk, Trog's Hand, Brothers in Arms


You were in the Dungeon.
You worshipped Trog.
Trog was extremely pleased with you.
You visited 1 branch

Inventory:

Hand Weapons
 u - the +16 obsidian axe (weapon) {drain, demonic, Mesm Drain Fly SInv}
   (You found it in the Dungeon)

   Mesm:      Its wielder is mesmerised by any visible foes, and it cannot be
   unequipped while any foes are visible.
   SInv:      It lets you see invisible.
   Fly:       It grants you flight.
   Drain:     It drains your maximum health when unequipped.
 x - the +5 demon blade of Scorn {flame, rC+ rN+ Str-4}
   (Trog gifted it to you in the Dungeon)

   Str:       It affects your strength (-4).
   rC:        It protects you from cold.
   rN:        It protects you from negative energy.
Armour
 a - a +0 robe
 n - a +5 crystal plate armour
 t - the +18 shield of the Gong (worn) {Loud rElec rN+ Will+ EV-5}
   (You found it in the Dungeon)

   Loud:      It is deafeningly noisy when blocking attacks.
   EV:        It affects your evasion (-5).
   rElec:     It insulates you from electricity.
   rN:        It protects you from negative energy.
   Will:      It increases your willpower.
 v - the +11 pearl dragon scales "Suufauw" (worn) {+Blink rN+}
   (You found it in the Dungeon)

   rN:        It protects you from negative energy.
   +Blink:    It lets you blink.
Jewellery
 w - a ring of flight (left hand)
Wands
 i - a wand of mindburst (7)
 j - a wand of quicksilver (7)
Scrolls
 h - 4 scrolls of blinking
 p - 4 scrolls of amnesia
 q - 7 scrolls of fog
 r - 5 scrolls of identify
 s - 2 scrolls of fear
Potions
 b - a potion of ambrosia
 c - 8 potions of curing
 d - 12 potions of heal wounds
 e - 6 potions of haste
 f - 7 potions of magic
 g - 3 potions of berserk rage
 k - 2 potions of brilliance
 l - 2 potions of invisibility
 m - 4 potions of resistance
 o - 5 potions of might


   Skills:
 * Level 18.3 Fighting
 * Level 10.4 Armour
 * Level 13.3 Dodging
 - Level 1.5 Stealth
 * Level 11.1 Shields
 - Level 3.2 Unarmed Combat


You had 8 spell levels left.
You didn't know any spells.
Your spell library was empty.

Dungeon Overview and Level Annotations

Branches:
Dungeon (1/1)

Altars:
Ashenzari
Cheibriados
Dithmenos
Elyvilon
Fedhas
Gozag
Hepliaklqana
Kikubaaqudgha
Makhleb
Nemelex Xobeh
Okawaru
Qazlal
Ru
Sif Muna
Trog
Uskayaw
Vehumet
Wu Jian
Xom
Yredelemnul
Zin
The Shining One
Jiyva
Lugonu

Annotations:
D 1 transporter


Innate Abilities, Weirdness & Mutations

You have a pair of horns on your head.
You reflexively headbutt those who attack you in melee.


Message History

The fireball engulfs the hell hog.
The hell hog completely resists.
The fireball engulfs the hell hound.
The hell hound completely resists.
The fireball engulfs the hell hog.
The hell hog completely resists.
The fireball engulfs the hell hound.
The hell hound completely resists.
The hell hound barely misses you. You block the hell hog's attack.
GONNNNG!
The hell hound bites you but does no damage.
The efreet gestures at you.
The fireball explodes!
The fireball engulfs the hell hog.
The hell hog completely resists.
The fireball engulfs the hell hog.
The hell hog completely resists.
The fireball engulfs the hell hound.
The hell hound completely resists.
The fireball engulfs you!
* * * LOW HITPOINT WARNING * * *
The fireball engulfs the hell hound.
The hell hound completely resists.
You block the hell hog's attack.
BOUMMMMG!
The hell hound bites you.
* * * LOW HITPOINT WARNING * * *
You barely miss the hell hog.
The hell hog is moderately wounded.
You slash the hell hound! You closely miss the hell hound.
You closely miss the hell hog.
Visions of slaying the hell hog flood into your mind.
The hell hound pauses to sniff the ground.
The hell hound bites you.
* * * LOW HITPOINT WARNING * * *
You block the hell hog's attack.
GONNNNG!
You block the hell hog's attack.
GONNNNG!
The efreet gestures at you.
The bolt of fire hits the hell hog.
The hell hog completely resists.
The bolt of fire misses you. The hell hound breathes flames at you.
The blast of flame misses you.
The hell hound bites you but does no damage.
The hell hog bites you but does no damage.
The hell hog breathes fire at you.
The fireball explodes!
The fireball engulfs you!!!
You die...

▓▓▓▓▓▓▓▓▓▓▓▓▓▓▓▓▓▓▓
▓...8©8...▓..8©8..▓
▓..))||...▓..}.|..▓
▓...[:"...▓..))|..▓
▓...°..v..▓.......▓
▓...R..v..▓...)...▓
▓.........▓...))..▓
▓...hhh...▓..)....▓
▓.▓..@h.▓.▓.▓...▓.▓
▓....©....▓...©...▓
▓▓▓▓▓▓▓▓▓▓▓▓▓▓▓▓▓▓▓
▓..8©8..▓ ▓..[|)..▓
▓..)::..▓ ▓.......▓
▓.......▓ ▓.......▓


You could see 2 hell hogs, an efreet, 2 fire vortices and 2 hell hounds.

Vanquished Creatures
  A hornet (D)
  2 spriggans (D)
  2 steam dragons (D)
  A naga (D)
  A water moccasin (D)
  A swamp drake (D)
  3 black bears (D)
  A river rat (D)
  An orc (D)
  A bat zombie (D)
  2 jackals (D)
  A ball python (D)
  A ball python zombie (D)
18 creatures vanquished.

Vanquished Creatures (collateral kills)
  A hellephant (D)
  A hellion (D)
  A hornet (D)
  A spriggan (D)
  2 swamp drakes (D)
  A bullfrog (D)
  A quasit (D)
  An orc priest (D)
  A white imp (D)
  2 orcs (D)
  A ball python zombie (D)
13 creatures vanquished.

Vanquished Creatures (others)
  A crimson imp (D)
1 creature vanquished.

Grand Total: 32 creatures vanquished

Notes
Turn   | Place    | Note
-------+----------+-------------------------------------------
     0 | D        | Legacy the Minotaur Monk began the quest for the Orb.
     0 | D        | Reached XP level 1. HP: 19/19 MP: 0/0
     0 | D        | Found a shimmering blue altar of Sif Muna.
     0 | D        | Found a bloodstained altar of Trog.
     0 | D        | Found a sacrificial altar of Ru.
     0 | D        | Found a stormy altar of Qazlal.
     0 | D        | Found an iron altar of Okawaru.
     3 | D        | Found a sparkling altar of Nemelex Xobeh.
     3 | D        | Found the +6 Majin-Bo {spellvamp, MP+6 Int+6}
     3 | D        | Found the +27 heavy crossbow "Sniper" {heavy, Acc+∞ SInv}
     3 | D        | Found the +10 dark maul {heavy}
     3 | D        | Found the +15 Maxwell's patent armour {-Cast -Tele rElec
                  | Will+ rCorr}
     3 | D        | Found the +18 shield of the Gong {Loud rElec rN+ Will+
                  | EV-5}
     3 | D        | Found the +16 obsidian axe {drain, demonic, Mesm Drain Fly
                  | SInv}
     3 | D        | Found the +7 great mace "Firestarter" {flame, inner flame,
                  | rFlCloud rF++}
     3 | D        | Found the +6 shillelagh "Devastator" {shatter}
     3 | D        | Found the +11 plutonium sword {Contam Stlth-}
     3 | D        | Found the +8 lance "Wyrmbane" {slay drac, rPois rF+ rC+
                  | AC+3}
     3 | D        | Found the +9 sword of Zonguldrok {reap}
     3 | D        | Found the +13 scythe of Curses {drain, curses, Drain}
     3 | D        | Found the +9 sword of Power {lifebolt}
     3 | D        | Found the +7 mace of Variability {chaos, chain chaos}
     3 | D        | Found the +11 Singing Sword {sonic wave}
     3 | D        | Found the +8 storm bow {elec, penet}
     8 | D        | Found a blossoming altar of Fedhas.
    10 | D        | Found a transporter.
    10 | D        | Found an ancient bone altar of Kikubaaqudgha.
    10 | D        | Found a viscous altar of Jiyva.
    10 | D        | Found a corrupted altar of Lugonu.
    10 | D        | Found a hazy altar of Hepliaklqana.
    10 | D        | Found a burning altar of Makhleb.
    10 | D        | Found an opulent altar of Gozag.
    12 | D        | Reached skill level 9 in Fighting
    12 | D        | Reached XP level 2. HP: 38/38 MP: 1/1
    94 | D        | Became a worshipper of Trog the Wrathful
    94 | D        | Reached * piety under Trog
    94 | D        | Reached ** piety under Trog
   113 | D        | Entered arena 2.
   113 | D        | Found a transporter.
   122 | D        | Entered arena 3.
   122 | D        | Noticed a water moccasin
   122 | D        | Noticed a naga
   122 | D        | Found a transporter.
   127 | D        | Killed a water moccasin
   127 | D        | Reached *** piety under Trog
   128 | D        | Reached skill level 11 in Fighting
   128 | D        | Reached skill level 5 in Dodging
   128 | D        | Reached XP level 3. HP: 47/47 MP: 2/2
   128 | D        | Reached XP level 4. HP: 55/55 MP: 3/3
   130 | D        | Killed a naga
   131 | D        | Reached skill level 12 in Fighting
   131 | D        | Reached XP level 5. HP: 62/62 MP: 4/4
   140 | D        | Got the ring of Cupaixt {Contam rF+ Dex+6 SInv}
   194 | D        | Entered arena 4.
   194 | D        | Found a transporter.
   196 | D        | Reached **** piety under Trog
   197 | D        | Reached XP level 6. HP: 71/71 MP: 5/5
   200 | D        | Got the +11 pearl dragon scales "Suufauw" {+Blink rN+}
   213 | D        | Entered arena 5.
   213 | D        | Found a transporter.
   218 | D        | Reached skill level 5 in Armour
   218 | D        | Reached skill level 5 in Shields
   220 | D        | Got the amulet of Dawn {Acrobat Str+2}
   228 | D        | Entered arena 6.
   228 | D        | Noticed a swamp drake
   228 | D        | Noticed a steam dragon
   228 | D        | Noticed a swamp drake
   228 | D        | Noticed a steam dragon
   228 | D        | Noticed a swamp drake
   228 | D        | Found a transporter.
   233 | D        | Killed a steam dragon
   233 | D        | Reached ***** piety under Trog
   233 | D        | Killed a steam dragon
   233 | D        | Killed a swamp drake
   234 | D        | Reached skill level 14 in Fighting
   234 | D        | Reached XP level 7. HP: 82/82 MP: 6/6
   234 | D        | Identified the +10 morningstar "Ogenoo" {flame, rC+} (Trog
                  | gifted it to you in the Dungeon)
   234 | D        | Received a gift from Trog
   235 | D        | Reached skill level 10 in Dodging
   290 | D        | Entered arena 7.
   290 | D        | Noticed a spriggan rider
   290 | D        | Noticed a spriggan
   290 | D        | Noticed a spriggan rider
   291 | D        | Found a transporter.
   295 | D        | Killed a spriggan
   295 | D        | Killed a spriggan
   295 | D        | Killed a hornet
   296 | D        | Reached skill level 15 in Fighting
   296 | D        | Reached XP level 8. HP: 93/93 MP: 7/7
   297 | D        | Reached skill level 16 in Fighting
   298 | D        | Killed a hornet
   298 | D        | Received a gift from Trog
   338 | D        | Entered arena 8.
   338 | D        | Noticed a hellion
   338 | D        | Noticed a hellephant
   339 | D        | Found a transporter.
   340 | D        | Reached XP level 9. HP: 90/101 MP: 8/8
   344 | D        | Killed a hellion
   344 | D        | Identified the +5 demon blade of Scorn {flame, rC+ rN+
                  | Str-4} (Trog gifted it to you in the Dungeon)
   344 | D        | Received a gift from Trog
   345 | D        | Reached skill level 17 in Fighting
   350 | D        | Killed a hellephant
   351 | D        | Reached skill level 18 in Fighting
   351 | D        | Reached skill level 10 in Armour
   542 | D        | Entered arena 9.
   542 | D        | Noticed an efreet
   542 | D        | Noticed a hell hog
   542 | D        | Noticed a hell hog
   545 | D        | Found a transporter.
   549 | D        | Killed from afar by a hell hog

Illustrated notes

Levels and vault maps discovered:
D:        sprint_v [room_start, room_1, room_2, room_3, room_4, room_5, room_6,
          room_7, room_8, room_9, room_10, room_11, room_12, room_13, room_14,
          room_15, room_16, room_17, room_18, room_19, room_20, room_21,
          room_22, room_23, room_24, room_25, room_26, room_27]

Skill      XL: |  1  2  3  4  5  6  7  8  9 |
---------------+----------------------------+-----
Fighting       | 9 11 12 14 15 16 18 | 18.3
Armour         | 3 4 6 7 8 10 | 10.4
Dodging        | 5 7 9 11 12 13 | 13.3
Shields        | 3 4 6 8 9 11 | 11.1
Stealth        | |  1.5
Unarmed Combat | |  3.2

Action                     |  1- 3 |  4- 6 |  7- 9 || total
---------------------------+-------+-------+-------++-------
  Melee: Broad axe         |     6 |     8 |    15 ||    29
         Headbutt          |     2 |       |     2 ||     4
 Invoke: Berserk           |     1 |     1 |     3 ||     5
    Use: Potion            |     1 |     1 |     3 ||     5
 Armour: Crystal plate arm |     9 |       |       ||     9
         Pearl dragon scal |       |     4 |    10 ||    14
  Dodge: Dodged            |       |     1 |     8 ||     9
  Block: Kite shield       |    16 |    12 |    22 ||    50

Table legend: (Time is in decaauts)
 A = Elapsed time spent in this place.
 B = Non-inter-level travel time spent in this place.
 C = Inter-level travel time spent in this place.
 D = Time resting spent in this place.
 E = Time spent auto-exploring this place.
 F = Levels seen in this place.
 G = Mean time per level.
                   A        B        C        D        E       F      G
               +--------+--------+--------+--------+--------+-----+--------+
         Total |    601 |    601 |      0 |    332 |      0 |   1 |  601.0 |
       Dungeon |    601 |    601 |      0 |    332 |      0 |   1 |  601.0 |
               +--------+--------+--------+--------+--------+-----+--------+

Top non-repeatable levels by time:
       D: 601 daAuts
